 Dungeon Crawl Stone Soup version 0.20.1-1-g8b1a95d (webtiles) character file.

760 codl the Skirmisher (level 7, -2/55 HPs)
             Began as a Demonspawn Abyssal Knight on Aug 5, 2017.
             Was a Priest of Lugonu.
             Slain by Pikel
             ... wielding a +2 whip of electrocution
              (18 damage)
             ... on level 5 of the Dungeon.
             The game lasted 00:35:54 (4550 turns).

codl the Skirmisher (Demonspawn Abyssal Knight)     Turns: 4550, Time: 00:35:55

Health: -2/55      AC:  6    Str: 14    XL:     7   Next: 50%
Magic:  9/9        EV: 12    Int: 13    God:    Lugonu [***...]
Gold:   169        SH:  0    Dex: 13    Spells: 6/6 levels left

rFire    . . .     SeeInvis .   b - +2 short sword (freeze)
rCold    . . .     Gourm    .   (no shield)
rNeg     . . .     Faith    .   n - +0 leather armour
rPois    .         Spirit   .   (no helmet)
rElec    .         Reflect  .   (no cloak)
rCorr    .         Harm     .   (no gloves)
MR       .....                  (no boots)
Stlth    +.........             (no amulet)
Regen    0.2/turn               (no ring)
MPRegen  0.2/turn               (no ring)

@: confused
A: talons 1, slimy green scales 2, demonic guardian 1, spiny 1
a: Depart the Abyss, Bend Space, Banish, Renounce Religion


You were on level 5 of the Dungeon.
You worshipped Lugonu.
Lugonu was most pleased with you.
You were not hungry.

You visited 1 branch of the dungeon, and saw 5 of its levels.
You visited the Abyss 1 time.

You collected 229 gold pieces.
You spent 60 gold pieces at shops.

Inventory:

Hand Weapons
 a - a +1 spear
 b - a +2 short sword of freezing (weapon)
 q - a +2 war axe of flaming
 s - a +2 dagger of protection
Missiles
 g - 204 stones (quivered)
 p - 6 needles of sleeping
Armour
 n - a +0 leather armour (worn)
Jewellery
 f - an uncursed ring of wizardry
Scrolls
 d - a scroll of fog
 i - 2 scrolls of teleportation
 k - a scroll of amnesia
 o - 2 scrolls of fear
 u - a scroll of recharging {unknown}
 v - a scroll of enchant weapon {unknown}
 w - a scroll of noise {unknown}
 x - a scroll of remove curse {unknown}
Potions
 e - 2 potions of haste {unknown}
 h - 3 potions of might {unknown}
 l - 4 potions of heal wounds
 m - 2 potions of curing
 r - a potion of flight
 t - a potion of invisibility {unknown}
 z - a potion of berserk rage {unknown}
Comestibles
 c - a bread ration
 j - 2 meat rations


   Skills:
 + Level 4.6 Fighting
 + Level 4.0 Short Blades
 + Level 3.7 Polearms
 + Level 1.0 Throwing
 + Level 3.1 Armour
 + Level 2.1 Dodging
 + Level 1.6 Stealth
 + Level 2.8 Invocations


You had 6 spell levels left.
You didn't know any spells.

Dungeon Overview and Level Annotations

Branches:
Dungeon (5/15)             Temple (0/1) D:5

Altars:
Dithmenos

Shops:
D:4 !

Annotations:
D:3 Sigmund
D:5 Dowan, Eustachio, Pikel


Innate Abilities, Weirdness & Mutations

You have sharp toenails.
You are mostly covered in slimy green scales. (AC +3)
A weak demonic guardian rushes to your aid.
You are partially covered in sharp spines.


Message History

It is a wand of enslavement (?/24).
You closely miss Pikel.
Pikel is moderately wounded.
Pikel zaps a wand.
Your will is overpowered!
You are confused.
You bump into the rock wall.
Pikel zaps a wand.
Your will is overpowered!
You are more confused.
You're too confused to move!
Pikel hits you but does no damage.
You hit Pikel but do no damage.
Pikel is moderately wounded.
The rat twitches its whiskers.
Pikel hits you with a whip of electrocution.
You are electrocuted!
You're too confused!
You bump into the rock wall.
Pikel misses you.
You bump into the rock wall.
Pikel is struck by your spines.
Pikel hits you with a whip of electrocution!
* * * LOW HITPOINT WARNING * * *
You are electrocuted!
You die...

#.8 >. #.... #.#.
#.. #.########
##......... .#
####pr........ ..#
####pp@r#........
..##
###.@Kp#####..#####
#..# ####...####
##.##
#..#####...####
##5## #..#...####
#..# #..####
#........# #.##
#.....5...# ##.#
#e.....[....
###<.##
......?p....
#.....#
.......K...#


You could see Eustachio, Pikel, 4 slaves and 2 rats.

Vanquished Creatures
  The ghost of Paps the Sneak, an amateur DsAs of Dithmenos (D:4)
  Grinder (D:3)
  Duvessa (D:5)
  A scorpion (D:4)
  An orc wizard (D:3)
  Jessica (D:2)
  A hound skeleton (D:5)
  Robin (D:3)
  3 adders
  An ooze (D:2)
  6 worms
  5 dart slugs
  2 leopard geckos
  4 orcs
  6 giant cockroaches
  21 goblins
  8 hobgoblins
  8 jackals
  4 ball pythons
  4 bats
  5 frilled lizards
  13 kobolds
  A leopard gecko skeleton (D:4)
  12 rats
111 creatures vanquished.

Vanquished Creatures (collateral kills)
  A water moccasin skeleton (D:4)
  An adder (D:4)
  An orc (D:3)
3 creatures vanquished.

Grand Total: 114 creatures vanquished

Notes
Turn   | Place    | Note
-------+----------+-------------------------------------------
     0 | Abyss:1  | codl the Demonspawn Abyssal Knight began the quest for the Orb.
     0 | Abyss:1  | Reached XP level 1. HP: 18/18 MP: 2/2
    16 | D:1      | Escaped the Abyss
   158 | D:1      | Gained mutation: You are partially covered in slimy green scales. (AC +2) [demonic ancestry]
   158 | D:1      | Reached XP level 2. HP: 24/24 MP: 4/4
   991 | D:2      | Reached skill level 1 in Dodging
   991 | D:2      | Gained mutation: A weak demonic guardian rushes to your aid. [demonic ancestry]
   991 | D:2      | Reached XP level 3. HP: 19/30 MP: 5/5
  1307 | D:2      | Noticed Jessica
  1314 | D:2      | Killed Jessica
  1351 | D:2      | Gained mutation: You have sharp toenails. [demonic ancestry]
  1351 | D:2      | Reached XP level 4. HP: 36/37 MP: 6/6
  1457 | D:2      | what an exciting fight
  1467 | D:2      | Reached ** piety under Lugonu
  1479 | D:2      | Found a shadowy altar of Dithmenos.
  1993 | D:2      | choo choo here comes the meat train
  2310 | D:2      | oh for fucks sake just die
  2312 | D:2      | thanks
  2577 | D:3      | Gained mutation: You are partially covered in sharp spines. [demonic ancestry]
  2577 | D:3      | Reached XP level 5. HP: 42/42 MP: 7/7
  2805 | D:3      | Noticed Robin
  2807 | D:3      | ah
  2807 | D:3      | ahhhhh.
  2808 | D:3      | Reached *** piety under Lugonu
  2824 | D:3      | Reached skill level 1 in Stealth
  2831 | D:3      | Killed Robin
  2831 | D:3      | Reached skill level 1 in Short Blades
  2845 | D:3      | ok. no problem
  2851 | D:3      | christ thats a lot of goblin corpses
  2860 | D:3      | christ that's a lot of chunks of flesh
  2925 | D:3      | Noticed Sigmund
  2926 | D:3      | shit
  2926 | D:3      | i am not doing this
  2989 | D:3      | Noticed Grinder
  3016 | D:3      | Killed Grinder
  3016 | D:3      | Reached skill level 1 in Throwing
  3016 | D:3      | Reached XP level 6. HP: 32/48 MP: 8/8
  3346 | D:3      | gggg he's still here
  3346 | D:3      | what do i doooo
  3406 | D:4      | Noticed Paps's ghost (amateur DsAs)
  3409 | D:4      | ok i can probably freeze ghosts right?
  3411 | D:4      | update: yes
  3424 | D:4      | Killed Paps's ghost
  3424 | D:4      | Gained mutation: You are mostly covered in slimy green scales. (AC +3) [demonic ancestry]
  3424 | D:4      | Reached XP level 7. HP: 36/55 MP: 9/9
  3425 | D:4      | im the best
  3818 | D:4      | Found Xiyb's Distillery.
  3844 | D:4      | Bought a potion of heal wounds for 60 gold pieces
  3878 | D:4      | can i freeze skeletons
  3878 | D:4      | hrmm very resistant to cold huh
  4473 | D:5      | Entered Level 5 of the Dungeon
  4494 | D:5      | Found a staircase to the Ecumenical Temple.
  4505 | D:5      | Noticed Duvessa
  4505 | D:5      | Noticed Dowan
  4506 | D:5      | Noticed Pikel
  4528 | D:5      | Noticed Eustachio
  4536 | D:5      | Killed Duvessa
  4550 | D:5      | Slain by Pikel

Skill      XL: |  1  2  3  4  5  6  7 |
---------------+----------------------+-----
Armour         | 2 3 |  3.1
Polearms       | 2 3 |  3.7
Dodging        | 1 2 |  2.1
Fighting       | 4 |  4.6
Stealth        | 1 |  1.6
Short Blades   | 2 3 4 |  4.0
Throwing       | 1 |  1.0
Invocations    | |  2.8

Action                   |  1- 3 |  4- 6 |  7- 9 || total
-------------------------+-------+-------+-------++-------
Melee: Spear             |    95 |   102 |    11 ||   208
       Short sword       |       |   141 |    34 ||   175
       Kick              |       |    34 |    12 ||    46
Throw: Stone             |     7 |    16 |     1 ||    24
  Use: Scroll            |       |     6 |     1 ||     7
       Potion            |       |     5 |       ||     5
 Stab: Sleeping          |       |       |     1 ||     1
  Eat: Chunk             |     1 |     7 |     2 ||    10
       Bread ration      |       |       |     1 ||     1
Armor: Leather armour    |    28 |    35 |     5 ||    68
Dodge: Dodged            |    41 |    69 |    18 ||   128
